 Dungeon Crawl Stone Soup version 0.30-a0-830-gfe289a77b0 (webtiles) character file.

Game seed: 3049265044625487606

35 Rocko1345 the Trooper (level 3, -1/29 HPs)
             Began as a Demonspawn Chaos Knight on Feb 28, 2023.
             Was a Plaything of Xom.
             Slain by Sigmund
             ... wielding a +0 scythe
              (8 damage)
             ... on level 2 of the Dungeon.
             The game lasted 00:07:02 (786 turns).

Rocko1345 the Trooper (Demonspawn Chaos Knight)      Turns: 786, Time: 00:07:03

Health: -1/29      AC:  5    Str: 12    XL:     3   Next: 16%
Magic:  3/3        EV: 11    Int: 15    God:    Xom [.*....]
Gold:   56         SH:  4    Dex: 12    Spells: 1/2 levels left

rFire   + . .      SeeInvis .    a - +0 short sword (chaos)
rCold   + . .      Faith    .    (no shield)
rNeg    . . .      Spirit   .    b - +2 leather armour
rPois   +          Reflect  .    (no helmet)
rElec   +          Harm     .    (no cloak)
rCorr   +          Rampage  .    (no gloves)
Will    .....                    (no boots)
Stlth   +                        (no amulet)
HPRegen 0.24/turn                (no ring)
MPRegen 0.08/turn                (no ring)

@: resistant
A: condensation shield
a: Renounce Religion


You were on level 2 of the Dungeon.
You worshipped Xom.
You were a plaything of Xom.
You visited 1 branch of the dungeon, and saw 2 of its levels.

You collected 56 gold pieces.

Inventory:

Hand Weapons
 a - a +0 short sword of chaos (weapon)
 j - a +0 dagger of venom
Missiles
 d - 18 stones
Armour
 b - a +2 leather armour (worn)
Potions
 h - a potion of berserk rage {unknown}
 k - a potion of flight {unknown}
Miscellaneous
 c - a piece from Xom's chessboard (14/15) (quivered)


   Skills:
 + Level 3.3 Fighting
 + Level 3.2 Short Blades
 + Level 1.9 Armour
 + Level 1.0 Dodging
 * Level 0.2 Stealth
 * Level 1.1 Evocations


You had one spell level left.
You knew the following spells:

 Your Spells              Type           Power      Damage    Failure   Level
a - Summon Small Mammal   Summ           0%         N/A       34%         1

Your spell library contained the following spells:

 Spells                   Type           Power      Damage    Failure   Level
 Call Canine Familiar     Summ           0%         N/A       71%         3
 Summon Guardian Golem    Hex/Summ       0%         N/A       71%         3


Dungeon Overview and Level Annotations

Branches:
Dungeon (2/15)

Altars:

Annotations:
D:2 Sigmund


Innate Abilities, Weirdness & Mutations

A meltable shield of frost defends you. (SH +4)


Message History

As you read the scroll labelled HOTOFI VAHOIBB, it crumbles to dust.
It is a scroll of identify.
f - a potion of resistance
There is a stone staircase leading down here.
You climb downwards.
There is a stone staircase leading up here.
Found a pair of gloves.
Sigmund the Dreaded comes into view.
He is wielding a +0 scythe, wearing a +2 robe of the Archmagi and carrying a wand of digging (6).
Sigmund shouts!
Sigmund mumbles some strange words.
Sigmund flickers and vanishes!
Deactivating autopickup; reactivate with Ctrl-A.
Okay, then.
You start waiting.
You hear a zap.
You hear a grinding noise.
There is a strange disturbance nearby!
There is a strange disturbance nearby!
There is a strange disturbance nearby!
There is a strange disturbance nearby!
There is a strange disturbance nearby!
You hear a zap.
Some rock shatters into small pieces.
You are confused.
You start waiting.
Something hits you.
You bump into the rock wall.
Okay, then.
Okay, then.
You feel protected. Something hits you. Something hits you.
You miss something.
You feel less confused. Something hits you!
Okay, then.
You can't see anything.
Try to make a move anyway?
You make a move on Xom's chessboard...
Nothing appears to happen.
Something hits you.
* * * LOW HITPOINT WARNING * * *
Something hits you!
You die...

#...[....
#.......
#.....# ##..#
##...###
##<.....# #
##.{...#.#
#.##...####.#
#....@.# #
##..#### #.##
##


There were no monsters in sight!

Vanquished Creatures
  A dart slug (D:1)
  2 ball pythons (D:1)
  6 endoplasms (D:1)
  A giant cockroach (D:1)
  3 goblins (D:1)
  2 hobgoblins (D:1)
  2 jackals (D:1)
  2 kobolds (D:1)
  A quokka (D:1)
  2 bats (D:1)
  A frilled lizard (D:1)
  4 rats (D:1)
27 creatures vanquished.

Vanquished Creatures (collateral kills)
  A hobgoblin (D:1)
1 creature vanquished.

Grand Total: 28 creatures vanquished

Notes
Turn   | Place    | Note
-------+----------+-------------------------------------------
     0 | D:1      | Rocko1345 the Demonspawn Chaos Knight began the quest for
                  | the Orb.
     0 | D:1      | Reached XP level 1. HP: 18/18 MP: 1/1
    68 | D:1      | XOM: potion effect (haste)
    94 | D:1      | Gained mutation: A meltable shield of frost defends you.
                  | (SH +4) [demonic ancestry]
    94 | D:1      | Reached XP level 2. HP: 20/24 MP: 2/2
   154 | D:1      | XOM: confusion
   205 | D:1      | Learned a level 1 spell: Summon Small Mammal
   308 | D:1      | XOM: 4-stop teleportation journey
   318 | D:1      | XOM: 2-stop teleportation journey
   393 | D:1      | Reached skill level 1 in Evocations
   580 | D:1      | Reached skill level 1 in Dodging
   580 | D:1      | Reached XP level 3. HP: 28/29 MP: 3/3
   765 | D:2      | Noticed Sigmund
   786 | D:2      | Slain by Sigmund

Illustrated notes

Levels and vault maps discovered:
D:1:      minmay_arrival_five_plusses, layout_basic
D:2:      layout_basic, serial_curves, eino_curves_04, eino_curves_02,
          eino_curves_04, eino_curves_01, kennysheep_generic_room_7,
          uniq_sigmund, uniq_crazy_yiuf_cottage

Skill      XL: |  1  2 |
---------------+-------+-----
Short Blades   | 3 |  3.2
Evocations     | 1 |  1.1
Dodging        | 1 |  1.0
Fighting       | |  3.3
Armour         | |  1.9
Stealth        | |  0.2

Action                     || total
---------------------------++-------
  Melee: Short sword       ||    95
         Punch             ||     1
   Cast: Summon Small Mamm ||     1
  Evoke: Piece from Xom's  ||     2
    Use: Scroll            ||     3
         Potion            ||     1
   Stab: Paralysed         ||     3
 Armour: Leather armour    ||    40
  Dodge: Dodged            ||    48
  Block: Other             ||     9

Table legend: (Time is in decaauts)
 A = Elapsed time spent in this place.
 B = Non-inter-level travel time spent in this place.
 C = Inter-level travel time spent in this place.
 D = Time resting spent in this place.
 E = Time spent auto-exploring this place.
 F = Levels seen in this place.
 G = Mean time per level.
                   A        B        C        D        E       F      G
               +--------+--------+--------+--------+--------+-----+--------+
         Total |    752 |    752 |      0 |     49 |    205 |   2 |  376.0 |
       Dungeon |    752 |    752 |      0 |     49 |    205 |   2 |  376.0 |
               +--------+--------+--------+--------+--------+-----+--------+

Top non-repeatable levels by time:
     D:1: 727 daAuts
     D:2: 24 daAuts
